 Dungeon Crawl Stone Soup version 0.24-a0-140-gcaa6c10 (webtiles) character file.

Game seed: 2299062271666781083

34 lemonriz the Ruffian (level 3, -1/30 HPs)
             Began as a Ghoul Gladiator on Mar 4, 2019.
             Slain by a gnoll
             ... wielding a +1 spear of venom
              (6 damage)
             ... on level 2 of the Dungeon.
             The game lasted 00:02:04 (763 turns).

lemonriz the Ruffian (Ghoul Gladiator)               Turns: 763, Time: 00:02:04

Health: -1/30      AC:  4    Str: 17    XL:     3   Next: 31%
Magic:  0/2        EV: 12    Int:  3    God:
Gold:   45         SH:  0    Dex: 11    Spells: 2/2 levels left

rFire    . . .     SeeInvis .     - Unarmed
rCold    + . .     Gourm    .   (no shield)
rNeg     + + +     Faith    .   a - +0 leather armour
rPois    ∞         Spirit   +   b - +0 helmet
rElec    .         Reflect  .   (no cloak)
rCorr    .         Harm     .   (no gloves)
MR       .....                  (no boots)
Stlth    +.........             l - amulet of guardian spirit
HPRegen  0.00/turn              (no ring)
MPRegen  0.08/turn              (no ring)

@: rotting
A: rotting body, claws 1, carnivore, cold resistance 1, negative energy
resistance 3, inhibited regeneration, torment resistance, unbreathing
a: no special abilities


You were on level 2 of the Dungeon.
You were not hungry.

You visited 1 branch of the dungeon, and saw 2 of its levels.

You collected 45 gold pieces.

Inventory:

Missiles
 c - 3 throwing nets (quivered)
Armour
 a - a +0 leather armour (worn)
 b - a +0 helmet (worn)
 j - a +0 plate armour
Jewellery
 l - an amulet of guardian spirit (around neck)
Scrolls
 e - a scroll of identify {unknown}
 f - 2 scrolls of teleportation {unknown}
 g - a scroll of fear {unknown}
 i - a scroll of magic mapping {unknown}
Potions
 h - a potion of brilliance {unknown}
Comestibles
 d - 2 rations


   Skills:
 + Level 2.9 Fighting
 - Level 1.7 Throwing
 + Level 3.1 Dodging
 + Level 3.8 Unarmed Combat


You had 2 spell levels left.
You didn't know any spells.
Your spell library was empty.

Dungeon Overview and Level Annotations

Branches:
Dungeon (2/15)

Altars:


Innate Abilities, Weirdness & Mutations

Your body is rotting away.
You thrive on raw meat.
You are immune to poison.
You have sharp fingernails.
You are carnivorous and can eat meat at any time.
Your flesh is cold resistant. (rC+)
You are immune to negative energy. (rN+++)
You do not regenerate when monsters are visible.
You are immune to unholy pain and torment.
You can survive without breathing.


Message History

The gnoll is heavily wounded.
The gnoll hits you with a +0 whip!
You claw the gnoll!
You kill the gnoll!
A gnoll comes into view. It is wielding a +0 spear.
A gnoll comes into view. It is wielding a +1 spear of venom.
A rat comes into view.
The gnoll barely misses you. The gnoll misses you.
The gnoll shouts!
The gnoll hits you but does no damage.
A rat comes into view.
The gnoll hits you with a +0 club!
The gnoll hits you from afar with a +1 spear of venom!
* * * LOW HITPOINT WARNING * * *
The gnoll hits you with a +0 club.
* * * LOW HITPOINT WARNING * * *
There is a stone staircase leading up here.
The gnoll hits you from afar with a +1 spear of venom.
You die...

.......#.#
..(....#.#
.......#.#######+
....r.)..(......
........r.......
..#.##.#.#$#.###
.........g...#
.###..#.#g#..#
#....@.#..#
#..#.#.# .#
#......# .
#..#.#..
#......#.
...........
..#......# #.
.......... .#


You could see 2 gnolls and 2 rats.

Vanquished Creatures
  A gnoll (D:2)
  An ooze (D:1)
  2 dart slugs (D:1)
  A bat (D:1)
  A giant cockroach (D:1)
  2 goblins (D:1)
  A hobgoblin (D:1)
  2 frilled lizards (D:1)
  2 kobolds (D:1)
  5 rats (D:1)
18 creatures vanquished.

Notes
Turn   | Place    | Note
-------+----------+-------------------------------------------
     0 | D:1      | lemonriz the Ghoul Gladiator began the quest for the Orb.
     0 | D:1      | Reached XP level 1. HP: 17/17 MP: 0/0
   115 | D:1      | Reached XP level 2. HP: 25/25 MP: 1/1
   603 | D:1      | Reached XP level 3. HP: 30/30 MP: 2/2
   763 | D:2      | Slain by a gnoll

Levels and vault maps discovered:
D:1:      lightli_arrival_flooded_house, layout_loops_ring
D:2:      layout_basic, uniq_natasha

Skill      XL: |  1  2 |
---------------+-------+-----
Dodging        | 3 |  3.1
Fighting       | |  2.9
Throwing       | |  1.7
Unarmed Combat | |  3.8

Action                   || total
-------------------------++-------
Melee: Unarmed           ||    42
       Punch             ||     1
  Eat: Chunk             ||     2
Armor: Leather armour    ||     6
Dodge: Dodged            ||    25

Table legend:
 A = Non-vault XP
 B = Vault XP
 C = Vault XP percentage of total XP
 D = Non-vault monster count
 E = Vault monster count
 F = Vault count percentage of total count
                 A         B        C        D         E       F
            +---------+---------+-------+---------+---------+-------
      Total |      49 |       0 |   0.0 |      18 |       0 |   0.0
            +---------+---------+-------+---------+---------+-------
        D:1 |      34 |       0 |   0.0 |      17 |       0 |   0.0
        D:2 |      15 |       0 |   0.0 |       1 |       0 |   0.0
            +---------+---------+-------+---------+---------+-------
